 Dungeon Crawl Stone Soup version 0.20.1-1-g8b1a95d (webtiles) character file.

51 Kaziem the Ducker (level 3, 0/16 HPs)
             Began as a Spriggan Earth Elementalist on Sept 23, 2017.
             Slain by a worm (11 damage)
             ... on level 2 of the Dungeon on Sept 24, 2017.
             The game lasted 00:12:10 (1757 turns).

Kaziem the Ducker (Spriggan Earth Elementalist)     Turns: 1757, Time: 00:12:10

Health: 0/16       AC:  2    Str:  4    XL:     3   Next: 57%
Magic:  2/8        EV: 19    Int: 17    God:
Gold:   82         SH:  0    Dex: 16    Spells: 4/8 levels left

rFire    . . .     SeeInvis +   m - +0 dagger
rCold    . . .     Gourm    .   (shield restricted)
rNeg     . . .     Faith    .   c - +0 robe
rPois    .         Spirit   .   (helmet restricted)
rElec    .         Reflect  .   (no cloak)
rCorr    .         Harm     .   (gloves unavailable)
MR       .....                  (boots unavailable)
Stlth    +++.......             (no amulet)
Regen    0.1/turn               (no ring)
MPRegen  0.2/turn               (no ring)

@: very quick
A: unfitting armour, see invisible, herbivore 3, speed 3, slow metabolism 2
a: no special abilities


You were on level 2 of the Dungeon.
You were not hungry.

You visited 1 branch of the dungeon, and saw 2 of its levels.

You collected 82 gold pieces.

Inventory:

Hand Weapons
 a - a +0 hunting sling
 m - a +0 dagger (weapon)
 q - a +0 short sword
Missiles
 h - 22 poisoned needles
 j - 55 sling bullets
 n - 43 arrows
Armour
 c - a +0 robe (worn)
 g - a +0 pair of gloves
Jewellery
 i - a +4 ring of protection {unknown}
Scrolls
 k - a scroll of teleportation
 l - a scroll of fog {unknown}
Potions
 p - a potion of heal wounds {unknown}
Books
 e - a book of Geomancy

   Spells                             Type                      Level
   a - Sandblast                      Earth                        1
   b - Passwall                       Transmutation/Earth          2
   c - Stone Arrow                    Conjuration/Earth            3
   d - Petrify                        Transmutation/Earth          4
   e - Lee's Rapid Deconstruction     Earth                        5
Comestibles
 b - 4 fruits
 d - 2 bread rations
 o - 3 royal jellies


   Skills:
 + Level 3.9 Dodging
 + Level 3.7 Stealth
 - Level 3.0 Spellcasting
   Level 1.3 Transmutations
 * Level 3.4 Earth Magic


You had 4 spell levels left.
You knew the following spells:

 Your Spells              Type           Power        Failure   Level  Hunger
a - Sandblast             Erth           ##....       4%          1    None
b - Stone Arrow           Conj/Erth      #.....       26%         3    ###....


Dungeon Overview and Level Annotations

Branches:
Dungeon (2/15)

Altars:

Annotations:
D:2 Sigmund


Innate Abilities, Weirdness & Mutations

You are very small and have problems with some larger weapons.
You are too small for most types of armour.
You have supernaturally acute eyesight. (SInv)
You are a herbivore.
You cover ground extremely quickly.
You need consume almost no food.


Message History

Press: ? - help, Shift-Dir - straight line, f - giant cockroach
Aim: a giant cockroach (severely wounded)
The stone arrow hits the giant cockroach.
You kill the giant cockroach!
You open the door.
There is an open door here.
You open the door.
Found a stone staircase leading up.
There is an open door here.
Casting: Stone Arrow
Confirm with . or Enter, or press ? or * to list all spells.
Aiming: Stone Arrow
Press: ? - help, Shift-Dir - straight line, f - worm
Aim: a worm The stone arrow hits the worm.
The worm is heavily wounded.
The worm barely misses you. The worm bites you!
Ouch! That really hurt!
You die...

#......#.....#
#......#.....##### ##
#......#.....#...###.
#>.†.w.'.....'....g'.
#......#.....#...###.
#.######.....#...# #.
#............#...# #s
#######......#h..# #.
#..@<#......#...# #h
#..w.#......#...# #K
#######'#......#...###.
#.........#######......
#....#....# #......
#....#....# #......
#.....###.# #......
#......##'#######......
###....#.............##


You could see a worm.

Vanquished Creatures
  2 dart slugs
  A ball python (D:1)
  7 bats
  2 giant cockroaches
  5 goblins
  6 hobgoblins
  A jackal (D:2)
  5 kobolds
  3 frilled lizards
  3 rats
35 creatures vanquished.

Vanquished Creatures (others)
  An adder (D:2)
1 creature vanquished.

Grand Total: 36 creatures vanquished

Notes
Turn   | Place    | Note
-------+----------+-------------------------------------------
     0 | D:1      | Kaziem the Spriggan Earth Elementalist began the quest for the Orb.
     0 | D:1      | Reached XP level 1. HP: 9/9 MP: 5/5
   222 | D:1      | Reached XP level 2. HP: 6/13 MP: 0/7
  1127 | D:2      | Reached XP level 3. HP: 16/16 MP: 3/8
  1202 | D:2      | Learned a level 3 spell: Stone Arrow
  1296 | D:2      | Noticed Sigmund
  1757 | D:2      | Slain by a worm

Skill      XL: |  1  2 |
---------------+-------+-----
Spellcasting   | 3 |  3.0
Earth Magic    | 3 |  3.4
Dodging        | |  3.9
Stealth        | |  3.7
Transmutations | |  1.3

Action                   || total
-------------------------++-------
Melee: Unarmed           ||    13
       Dagger            ||    71
 Cast: Sandblast         ||    40
       Stone Arrow       ||     8
  Use: Scroll            ||     1
       Potion            ||     1
 Stab: Sleeping          ||     1
       Distracted        ||     1
Armor: Robe              ||    10
Dodge: Dodged            ||   105
